 Dungeon Crawl Stone Soup version 0.28-a0-616-gdeb3d7f7b4 (webtiles) character file.

Game seed: 9159456198021547276

2769 Johnny the Skirmisher (level 9, 0/80 HPs)
             Began as a Red Draconian Ice Elementalist on Oct 6, 2021.
             Was an Initiate of Sif Muna.
             Slain by a vampire (7 damage)
             ... on level 8 of the Dungeon.
             The game lasted 00:08:25 (9913 turns).

Johnny the Skirmisher (DrIE)                        Turns: 9913, Time: 00:08:26

Health: 0/80       AC: 10    Str: 11    XL:     9   Next: 42%
Magic:  12/19      EV: 12    Int: 19    God:    Sif Muna [......]
Gold:   84         SH:  0    Dex: 11    Spells: 10/21 levels left

rFire   + . .      SeeInvis .   j - +2 dagger (venom)
rCold   + . .      Faith    .   (no shield)
rNeg    . . .      Spirit   .   (armour unavailable)
rPois   .          Reflect  .   (helmet restricted)
rElec   .          Harm     .   w - +0 cloak
rCorr   .          Rampage  .   k - +0 pair of gloves
Will    .....                   l - +0 pair of boots
Stlth   +.........              (no amulet)
HPRegen 0.23/turn               x - +4 ring of slaying
MPRegen 0.16/turn               y - ring of protection from cold

@: confused, on berserk cooldown, slowed, very slow
A: breathe fire, AC +7, unfitting armour, fire resistance 1, cold-blooded
a: Breathe Fire, Renounce Religion


You were on level 8 of the Dungeon.
You worshipped Sif Muna.
Sif Muna was noncommittal.
You visited 2 branches of the dungeon, and saw 9 of its levels.
You also visited: Ossuary.

You collected 363 gold pieces.
You spent 279 gold pieces at shops.

Inventory:

Hand Weapons
 j - a +2 dagger of venom (weapon)
Missiles
 B - 2 throwing nets
Armour
 k - a +0 pair of gloves (worn)
 l - a +0 pair of boots (worn)
 w - a +0 cloak (worn)
 z - a +2 kite shield of poison resistance
Jewellery
 x - a +4 ring of slaying (left hand)
 y - a ring of protection from cold (right hand)
 A - a ring of fire
Wands
 b - a wand of digging (4)
 q - a wand of polymorph (5)
 s - a wand of flame (18)
Scrolls
 d - 4 scrolls of teleportation
 e - a scroll of immolation
 g - 2 scrolls of noise
 h - a scroll of vulnerability
 o - a scroll of silence
 u - 2 scrolls of blinking
 v - 3 scrolls of amnesia {unknown}
 D - a scroll of magic mapping {unknown}
 E - 2 scrolls of fog {unknown}
 G - a scroll of holy word {unknown}
 I - a scroll of fear {unknown}
Potions
 c - a potion of brilliance {unknown}
 f - a potion of haste {unknown}
 i - a potion of might {unknown}
 m - a potion of magic {unknown}
 n - a potion of curing
 p - 2 potions of attraction {unknown}
 r - 2 potions of lignification {unknown}
 t - 2 potions of mutation {unknown}
 C - a potion of degeneration {unknown}
 F - 3 potions of cancellation {unknown}


   Skills:
 + Level 7.7 Fighting
 - Level 1.7 Dodging
 - Level 1.7 Stealth
 + Level 3.5 Shields
 + Level 6.8 Spellcasting
 + Level 6.8 Ice Magic
 + Level 0.3 Invocations


You had 10 spell levels left.
You knew the following spells:

 Your Spells              Type           Power      Damage    Failure   Level
a - Freeze                Ice            100%       1d11      1%          1
b - Frozen Ramparts       Ice            64%        1d8       1%          3
c - Ozocubu's Armour      Ice            32%        N/A       1%          3
d - Hailstorm             Conj/Ice       19%        3d6       26%         4

Your spell library contained the following spells:

 Spells                   Type           Power      Damage    Failure   Level
 Portal Projectile        Hex/Tloc       12%        N/A       30%         3
 Blade Hands              Tmut           3%         N/A       96%         5
 Excruciating Wounds      Necr           3%         N/A       96%         5


Dungeon Overview and Level Annotations

Branches:
Dungeon (8/15)             Temple (1/1) D:7         Ossuary (visited)
   Lair: D:8-11

Altars:
Ashenzari
Cheibriados
Dithmenos
Elyvilon
Fedhas
Gozag
Hepliaklqana
Kikubaaqudgha
Makhleb
Nemelex Xobeh
Okawaru
Qazlal
Ru
Sif Muna
Trog
Uskayaw
Vehumet
Wu Jian
Xom
Yredelemnul
Zin
The Shining One

Shops:
D:4 *   D:6 *[*!

Annotations:
D:7 3 runed translucent doors, WhatIsLove's ghost, journeyman DjCj


Innate Abilities, Weirdness & Mutations

You can breathe blasts of fire.
Your fiery red scales are hard. (AC +7)
You cannot fit into any form of body armour.
Your flesh is heat resistant. (rF+)
You are cold-blooded and may be slowed by cold attacks.


Message History

The wall freezes something.
You hear some strange, mumbled words.
You are confused.
You're too confused to attack without stumbling around!
You're too confused to attack without stumbling around!
Your icy armour and frozen ramparts will break if you move.
Continue? [Y]es or [N]o only, please.
Your icy armour and frozen ramparts will break if you move.
Continue? [Y]es or [N]o only, please.
Your icy armour and frozen ramparts will break if you move.
Continue? [Y]es or [N]o only, please.
Your icy armour and frozen ramparts will break if you move.
Continue? [Y]es or [N]o only, please.
Your icy armour and frozen ramparts will break if you move.
Continue?
You bump into the rock wall.
The wall freezes something.
Something draws life force from you!
* * * LOW HITPOINT WARNING * * *
You're too confused to attack without stumbling around!
You're too confused to attack without stumbling around!
You're too confused to attack without stumbling around!
You're too confused to attack without stumbling around!
You're too confused to attack without stumbling around!
You're too confused to attack without stumbling around!
You're too confused to attack without stumbling around!
You're too confused to attack without stumbling around!
You are too berserk!
Your icy armour and frozen ramparts will break if you move.
Continue? [Y]es or [N]o only, please.
Your icy armour and frozen ramparts will break if you move.
Continue?
Your icy armour cracks and falls away as you move.
The frozen ramparts melt away as you move.
You feel a strong urge to attack something.
Something hits you but does no damage. Something bites you but does no damage.
You bump into the rock wall.
You feel your anger nearly subside.
You are no longer berserk.
You are exhausted.
You feel yourself slow down. Something hits you!
* * * LOW HITPOINT WARNING * * *
Something bites you!
You die...

.###'#...# #.##.#.####.##
.###.#...########.##.#.# #.#
.....+......<........#.# #.#
#.##.#...##.#####.####.# #.#
#..#.#...##.#........#.# #.#
##.#.#...##.#.###.##.#.# #.#
#...#...##.#.# #.#..#.# #.#
##..#...##.#.###.#..#.# #.#
###..#...##.#..{@....#.# #.#
...#.#...##.#.###.####.# #.#
##.#..#+###.#..........# #.#
.#.#..#.# #.#.###.#########.##
.#.#....# #.#.###............#
.#.#.#..###.#.#.............##
.#.#..........#.#########.###
.#.####.###..##.# #.#
..........#...#.#########.####


There were no monsters in sight!

Vanquished Creatures
  Pikel (D:5)
  3 centaur zombies
  Sigmund (D:4)
  Edmund (D:4)
  Menkaure (Ossuary)
  Duvessa (D:4)
  A sky beast (D:6)
  A black bear (D:4)
  A necrophage (D:4)
  2 lemures (D:5)
  2 bullfrogs (D:7)
  A gnoll sergeant (D:6)
  3 scorpions
  A wyvern zombie (D:6)
  Dowan (D:4)
  3 killer bees (D:7)
  A bullfrog zombie (D:7)
  2 hounds
  A bullfrog skeleton (D:4)
  4 centaur skeletons
  2 orc wizards
  A hound zombie (D:5)
  3 mummies (Ossuary)
  7 adders
  5 gnolls (D:6)
  A white imp (D:6)
  A worm (D:2)
  22 orcs
  A bat (D:1)
  5 endoplasms
  8 giant cockroaches
  6 goblins
  7 hobgoblins
  4 jackals (D:1)
  5 quokkas
  5 ball pythons
  6 gnoll skeletons (Ossuary)
  6 gnoll zombies (Ossuary)
  4 goblin skeletons (Ossuary)
  4 goblin zombies (Ossuary)
  2 hobgoblin skeletons (Ossuary)
  2 hobgoblin zombies (Ossuary)
  6 kobolds
  5 kobold skeletons (Ossuary)
  4 kobold zombies (Ossuary)
  3 orc skeletons (Ossuary)
  2 orc zombies (Ossuary)
  2 rats (D:2)
  5 rat skeletons (Ossuary)
  7 rat zombies (Ossuary)
173 creatures vanquished.

Vanquished Creatures (others)
  An orc (D:6)
  4 fungi (D:8)
  10 plants (D:8)
15 creatures vanquished.

Grand Total: 188 creatures vanquished

Notes
Turn   | Place    | Note
-------+----------+-------------------------------------------
     0 | D:1      | Johnny the Draconian Ice Elementalist began the quest for
                  | the Orb.
     0 | D:1      | Reached XP level 1. HP: 14/14 MP: 3/3
   278 | D:1      | Reached XP level 2. HP: 20/22 MP: 1/5
   303 | D:1      | Reached skill level 1 in Fighting
   877 | D:1      | Found a faded altar of an unknown god.
  1490 | D:2      | Reached XP level 3. HP: 28/28 MP: 6/6
  1849 | D:2      | Reached skill level 2 in Fighting
  2447 | D:2      | Reached XP level 4. HP: 14/36 MP: 4/8
  3914 | D:4      | Noticed Edmund
  3921 | D:3      | Learned a level 3 spell: Frozen Ramparts
  3925 | D:3      | Learned a level 3 spell: Ozocubu's Armour
  4051 | D:4      | Noticed Sigmund
  4058 | D:4      | Killed Sigmund
  4059 | D:4      | Reached skill level 3 in Fighting
  4059 | D:4      | Reached skill level 5 in Ice Magic
  4059 | D:4      | Reached XP level 5. HP: 29/45 MP: 3/10
  4195 | D:4      | Reached XP level 6. HP: 49/52 MP: 11/11
  4212 | D:4      | Noticed Dowan
  4213 | D:4      | Noticed Duvessa
  4228 | D:4      | Killed Duvessa
  4229 | D:4      | Reached skill level 4 in Fighting
  4253 | D:4      | Killed Dowan
  4496 | D:4      | Your scales start taking on a fiery red colour.
  4496 | D:4      | Reached XP level 7. HP: 45/60 MP: 13/13
  4496 | D:4      | Gained mutation: Your flesh is heat resistant. (rF+) [Red
                  | Draconian growth]
  4508 | D:4      | Killed Edmund
  4509 | D:4      | Reached skill level 5 in Ice Magic
  4711 | D:4      | Reached skill level 5 in Fighting
  4992 | D:4      | Found Guymokh's Assorted Antiques.
  5333 | D:5      | Entered Level 5 of the Dungeon
  5346 | D:5      | Reached skill level 5 in Spellcasting
  5407 | D:5      | Noticed Pikel
  5435 | D:5      | Killed Pikel
  5436 | D:5      | Reached skill level 6 in Fighting
  5436 | D:5      | Reached XP level 8. HP: 48/70 MP: 10/16
  6229 | D:6      | Found Udod's Antique Armour Boutique.
  6237 | D:6      | Bought a runed kite shield for 187 gold pieces
  6276 | D:6      | Reached skill level 1 in Shields
  6283 | D:6      | Found a shadowy altar of Dithmenos.
  6631 | D:6      | Found Ecwihuvu's General Store.
  6637 | D:6      | Bought a scroll of identify for 22 gold pieces
  6689 | D:6      | Found Wuwn's Distillery.
  6705 | D:6      | Bought a potion of heal wounds for 70 gold pieces
  6937 | D:6      | Found Watzon's CLEARANCE SALE!.
  6967 | D:6      | Reached skill level 7 in Fighting
  6967 | D:6      | Reached XP level 9. HP: 70/79 MP: 18/18
  7693 | D:7      | Found a sand-covered staircase.
  7706 | Ossuary  | Entered an ossuary
  7800 | Ossuary  | Learned a level 4 spell: Hailstorm
  8120 | Ossuary  | Noticed Menkaure
  8136 | Ossuary  | Killed Menkaure
  8432 | D:7      | Found a staircase to the Ecumenical Temple.
  8471 | Temple   | Entered the Ecumenical Temple
  8605 | Temple   | Became a worshipper of Sif Muna the Loreminder
  8955 | D:7      | Found a runed translucent gate.
  8959 | D:7      | Found a runed translucent gate.
  8960 | D:7      | Found a runed translucent gate.
  8966 | D:7      | Noticed WhatIsLove's ghost (journeyman DjCj)
  8967 | D:7      | Noticed a kobold demonologist
  9913 | D:8      | Slain by a vampire

Illustrated notes

Levels and vault maps discovered:
D:1:      psy_arrival_spokes, layout_rooms, ebering_ecumenical_altar_box,
          minmay_hedge_maze, minmay_misc_feat_diagonals, minmay_crystal_room
D:2:      layout_basic, glass_columns_c
D:3:      layout_loops_corners
D:4:      layout_rooms, nicolae_inconvenience_store, uniq_sigmund, uniq_duvessa,
          uniq_edmund
D:5:      layout_basic, kennysheep_generic_room_9, uniq_pikel
D:6:      layout_loops_ring, mainiacjoe_overflow_catwalk, serial_shops, shop,
          shop, nicolae_diamond_shop, nicolae_shop_clearance
D:7:      layout_basic, minmay_temple_entry_sparse_star,
          gammafunk_ghost_nasty_kobolds, nicolae_ossuary_entry_ruins
D:8:      layout_basic, grunt_lair_entry_orc_guard_hut, gammafunk_ghost_icy,
          uniq_maurice
Temple:   regret_index_temple_sigil_plot

Skill      XL: |  1  2  3  4  5  6  7  8  9 |
---------------+----------------------------+-----
Fighting       | 1 2 3 4 6 7 |  7.7
Spellcasting   | 3 4 5 6 |  6.8
Ice Magic      | 5 4 5 6 |  6.8
Shields        | 2 3 |  3.5
Dodging        | |  1.7
Stealth        | |  1.7
Invocations    | |  0.3

Action                   |  1- 3 |  4- 6 |  7- 9 || total
-------------------------+-------+-------+-------++-------
Melee: Unarmed           |    26 |       |       ||    26
       Dagger            |   129 |    84 |   429 ||   642
       Tailslap          |    12 |    15 |    46 ||    73
 Cast: Freeze            |    36 |     8 |     4 ||    48
       Frozen Ramparts   |       |     3 |     8 ||    11
       Hailstorm         |       |       |     3 ||     3
       Ozocubu's Armour  |       |       |     1 ||     1
 Abil: Breathe Fire      |       |       |     2 ||     2
Evoke: Wand              |       |     2 |     6 ||     8
  Use: Scroll            |       |       |     8 ||     8
       Potion            |       |       |     3 ||     3
 Stab: Sleeping          |       |     4 |     1 ||     5
       Paralysed         |       |     3 |     4 ||     7
       Distracted        |       |       |     2 ||     2
Armor: Skin              |    74 |    21 |   201 ||   296
Dodge: Dodged            |   140 |    45 |   270 ||   455

Table legend: (Time is in decaauts)
 A = Elapsed time spent in this place.
 B = Non-inter-level travel time spent in this place.
 C = Inter-level travel time spent in this place.
 D = Time resting spent in this place.
 E = Time spent auto-exploring this place.
 F = Levels seen in this place.
 G = Mean time per level.
                   A        B        C        D        E       F      G
               +--------+--------+--------+--------+--------+-----+--------+
         Total |   9916 |   9559 |    357 |   1621 |   6388 |  10 |  991.6 |
       Dungeon |   9064 |   8743 |    321 |   1585 |   5895 |   8 | 1133.0 |
        Temple |    157 |    121 |     36 |      0 |    103 |   1 |  157.0 |
       Ossuary |    693 |    693 |      0 |     36 |    390 |   1 |  693.0 |
               +--------+--------+--------+--------+--------+-----+--------+

Top non-repeatable levels by time:
     D:2: 1542 daAuts
     D:1: 1436 daAuts
     D:4: 1377 daAuts
     D:6: 1145 daAuts
     D:7: 1070 daAuts
     D:3: 981 daAuts
     D:5: 894 daAuts
 Ossuary: 693 daAuts
     D:8: 616 daAuts
  Temple: 157 daAuts
